 Dungeon Crawl Stone Soup version 0.31-a0-853-gc9b61b78f7 (webtiles) character file.

Game seed: 17349595775741692505

226464 BinkBink the Warrior (level 18, -1/195 HPs)
             Began as a Minotaur Monk on Oct 8, 2023.
             Was the Champion of Qazlal.
             Slain by a quicksilver ooze (3 damage)
             ... created by the Royal Jelly
             ... while paralysed by a formless jellyfish
             ... on level 5 of the Pits of Slime.
             The game lasted 01:01:08 (29191 turns).

BinkBink the Warrior (Minotaur Monk)               Turns: 29191, Time: 01:01:09

Health: -1/195     AC: 24    Str: 22    XL:     18   Next: 65%
Magic:  15/15      EV: -1    Int:  7    God:    Qazlal [******]
Gold:   379        SH:  0    Dex: 21    Spells: 17/17 levels left

rFire   + . .        t - +6 broad axe (vamp)
rCold   + + .        u - +0 tower shield {AC+3}
rNeg    . . .        H - +10 gold dragon scales
rPois   +            (helmet unavailable)
rElec   .            Z - +1 cloak {rC+}
rCorr   +            v - +0 pair of gloves
SInv    .            G - +0 pair of boots of the Griffon {Rampage}
Will    +....        (no amulet) Stlth
                     m - ring of resist corrosion
HPRegen 0.52/turn    b - +6 ring of dexterity
MPRegen 0.14/turn

%: repel missiles, rampage
@: paralysed, lethally poisoned (-1 -> -16), engulfed (cannot breathe),
corroded, constricted, studying Shields, unable to read
A: horns 3, retaliatory headbutt, talons 1, deformed body, low MP 1, robust 1,
inability to drink after injury 1, inability to read after injury 1, devolution
1
}: 1/15 runes: serpentine
a: Renounce Religion, Upheaval, Elemental Force, Disaster Area


You were on level 5 of the Pits of Slime.
You worshipped Qazlal.
Qazlal was exalted by your worship.
You visited 6 branches of the dungeon, and saw 31 of its levels.
You visited 1 bazaar.
You also visited: Bailey and Ice Cave.

You collected 2351 gold pieces.
You spent 1972 gold pieces at shops.

Inventory:

Hand Weapons
 p - a +7 battleaxe of venom
 t - a +6 vampiric broad axe (weapon)
 K - the +6 arbalest of Ulaneoc {flame, rF+}
   (You found it in a bailey)

   rF+:       It protects you from fire.
Armour
 u - a +0 tower shield of protection (worn)
 v - a +0 pair of gloves (worn)
 G - the +0 pair of boots of the Griffon (worn) {Rampage}
   (You found it on level 7 of the Dungeon)

   Rampage:   It bestows one free step when moving towards enemies.
 H - +10 gold dragon scales (worn)
 N - the +4 hat of Day {MP+9 Dex+5}
   (You found it on level 11 of the Dungeon)

   Dex+5:     It affects your dexterity (+5).
   MP+9:      It affects your magic capacity (+9).
 Z - a +1 cloak of cold resistance (worn)
Jewellery
 b - a +6 ring of dexterity (right hand)
 i - a ring of willpower
 m - a ring of resist corrosion (left hand)
 r - a ring of see invisible
 w - a ring of protection from fire
 D - a ring of protection from cold
 O - a ring of poison resistance
 Y - the ring of Paklur {*Corrode rElec Int+3 Dex+6}
   (You found it in an ice cave)

   [ring of dexterity]

   Int+3:     It affects your intelligence (+3).
   Dex+6:     It affects your dexterity (+6).
   rElec:     It insulates you from electricity.
   *Corrode:  It may corrode you when you take damage.
Wands
 a - a wand of charming (37)
 d - a wand of polymorph (7)
 A - a wand of flame (51)
 C - a wand of light (9)
 V - a wand of iceblast (10)
Scrolls
 g - 8 scrolls of teleportation
 j - 2 scrolls of identify
 k - 4 scrolls of amnesia
 n - 2 scrolls of butterflies
 o - 4 scrolls of fear
 q - a scroll of brand weapon
 y - 4 scrolls of poison
 B - 6 scrolls of fog
 I - a scroll of silence
 L - 2 scrolls of revelation
 M - a scroll of blinking
 Q - 3 scrolls of noise
 W - a scroll of immolation
Potions
 c - 2 potions of ambrosia
 e - 3 potions of heal wounds
 f - 4 potions of lignification
 h - 3 potions of mutation
 s - 3 potions of haste
 x - 5 potions of curing
 z - 3 potions of brilliance
 E - a potion of invisibility {unknown}
 F - 4 potions of might
 J - a potion of cancellation {unknown}
 P - 2 potions of berserk rage {unknown}
 R - 3 potions of attraction
 S - a potion of magic {unknown}
 T - a potion of enlightenment {unknown}
 X - 3 potions of resistance {unknown}
Miscellaneous
 l - a condenser vane


   Skills:
 + Level 20.0 Fighting
 + Level 18.4 Axes
 + Level 19.5 Armour
 + Level 18.3 Dodging
 + Level 14.3 Shields


You had 17 spell levels left.
You didn't know any spells.
Your spell library contained the following spells:

 Spells                   Type           Power      Damage    Failure   Level
 Magic Dart               Conj           0%         1d3       100%        1
 Summon Small Mammal      Summ           0%         N/A       100%        1
 Call Imp                 Summ           0%         N/A       100%        2
 Cigotuvi's Dreadful Rot  Necr/Pois/Air  0%         N/A       100%        2
 Lesser Beckoning         Tloc           0%         N/A       100%        2
 Poisonous Vapours        Pois/Air       0%         N/A       100%        2
 Scorch                   Fire           0%         2d5       100%        2
 Call Canine Familiar     Summ           0%         N/A       100%        3
 Dazzling Flash           Conj/Hex       0%         N/A       100%        3
 Frozen Ramparts          Ice            0%         1d1       100%        3
 Gell's Gravitas          Tloc           0%         N/A       100%        3
 Ignite Poison            Fire/Tmut/Pois 0%         N/A       100%        3
 Inner Flame              Hex/Fire       0%         N/A       100%        3
 Mephitic Cloud           Conj/Pois/Air  0%         N/A       100%        3
 Ozocubu's Armour         Ice            0%         N/A       100%        3
 Summon Guardian Golem    Hex/Summ       0%         N/A       100%        3
 Teleport Other           Tloc           0%         N/A       100%        3
 Tukima's Dance           Hex            0%         N/A       100%        3
 Volatile Blastmotes      Fire/Tloc      0%         2d10      100%        3
 Cause Fear               Hex            0%         N/A       100%        4
 Dimensional Bullseye     Hex/Tloc       0%         N/A       100%        4
 Dispel Undead            Necr           0%         3d6       100%        4
 Flame Wave               Conj/Fire      0%         2d4       100%        4
 Leda's Liquefaction      Hex/Erth       0%         N/A       100%        4
 Passage of Golubria      Tloc           0%         N/A       100%        4
 Petrify                  Tmut/Erth      0%         N/A       100%        4
 Sticky Flame             Conj/Fire      0%         2d3       100%        4
 Vhi's Electric Charge    Tloc/Air       0%         N/A       100%        4
 Agony                    Necr           0%         N/A       100%        5
 Arcjolt                  Conj/Air       0%         1d10      100%        5
 Fireball                 Conj/Fire      0%         3d3       100%        5
 Freezing Cloud           Conj/Ice/Air   0%         6-21      100%        5
 Lee's Rapid Deconstruct  Erth           0%         3d4*      100%        5
 Metabolic Englaciation   Hex/Ice        0%         N/A       100%        5
 Silence                  Hex/Air        0%         N/A       100%        5
 Summon Forest            Summ/Tloc      0%         N/A       100%        5
 Yara's Violent Unravell  Hex/Tmut       0%         3d3       100%        5
 Bombard                  Conj/Erth      0%         9d1       100%        6
 Death Channel            Necr           0%         N/A       100%        6
 Plasma Beam              Fire/Air       0%         2x1d10    100%        6
 Simulacrum               Ice/Necr       0%         N/A       100%        6
 Starburst                Conj/Fire      0%         6d3       100%        6
 Summon Cactus Giant      Summ           0%         N/A       100%        6
 Orb of Destruction       Conj           0%         9d5       100%        7
 Spellforged Servitor     Conj/Summ      0%         N/A       100%        7
 Ignition                 Fire           0%         3d3       100%        8
 Maxwell's Capacitive Co  Air            0%         ∞         100%        8
 Dragon's Call            Summ           0%         N/A       100%        9


Dungeon Overview and Level Annotations

Branches:
Dungeon (15/15)            Temple (1/1) D:6            Lair (4/5) D:11
 Shoals (0/4) Lair:3        Snake (4/4) Lair:2        Slime (5/5) Lair:4
    Orc (2/2) D:9             Elf (0/3) Orc:2        Bailey (visited)
  IceCv (visited)
 Vaults: D:13-14     Depths: D:15

Altars:
Ashenzari
Cheibriados
Dithmenos
Elyvilon
Fedhas
Gozag
Hepliaklqana
Kikubaaqudgha
Makhleb
Nemelex Xobeh
Okawaru
Qazlal
Ru
Sif Muna
Trog
Uskayaw
Vehumet
Wu Jian
Xom
Yredelemnul
Zin
The Shining One

Shops:
D:1 !   D:2 *   D:8 *   Orc:1 :   Orc:2 ![(!   Snake:1 ?*:

Annotations:
D:5 1 runed translucent door, Crazy Yiuf
D:13 1 transporter
D:14 3 runed translucent doors, Domiom's ghost, journeyman DsAr
Snake:2 Donald
Slime:5 Royal Jelly


Innate Abilities, Weirdness & Mutations

You have a pair of large horns on your head.
You reflexively headbutt those who attack you in melee.
You have sharp toenails.
Armour fits poorly on your strangely shaped body.
Your magical capacity is low. (-10% MP)
You are robust. (+10% HP)
You occasionally lose the ability to drink potions when taking damage.
You occasionally lose the ability to read scrolls when taking damage.
You have hidden genetic defects.


Message History

You closely miss the quicksilver ooze.
Your headbutt misses the quicksilver ooze.
The quicksilver ooze is almost dead.
You slash the formless jellyfish! You slash the Royal Jelly!
You feel better.
Your hands burn!
You slash the acid blob!
You feel better.
Your hands burn!
You hit the acid blob.
You feel better. The acid corrodes you!
Your hands burn!
The Royal Jelly shudders.
The Royal Jelly spits out another jelly.
The quicksilver ooze hits you!! The quicksilver ooze engulfs you!
You block the quicksilver ooze's attack.
The Royal Jelly hits you!!
You are splashed with acid.
You resist. The Royal Jelly barely misses you. The quicksilver ooze hits you!
You feel threatened and lose the ability to read scrolls!
You block the quicksilver ooze's attack.
The acid blob is engulfed in freezing vapours.
The acid blob hits you!
* * * LOW HITPOINT WARNING * * *
The acid corrodes you!
You are splashed with acid.
You resist.
* * * LOW HITPOINT WARNING * * *
The formless jellyfish stings you.
* * * LOW HITPOINT WARNING * * *
You suddenly lose the ability to move!
You are poisoned.
The formless jellyfish poisons you! The formless jellyfish grabs you.
The formless jellyfish constricts you. The acid blob hits you!
* * * LOW HITPOINT WARNING * * *
You are splashed with acid.
You resist.
* * * LOW HITPOINT WARNING * * *
* * * LOW HITPOINT WARNING * * *
Your lungs strain for air!
You feel very sick.
The Royal Jelly jiggles.
The Royal Jelly hits you!
* * * LOW HITPOINT WARNING * * *
You are splashed with acid.
You resist.
* * * LOW HITPOINT WARNING * * *
The Royal Jelly hits you but does no damage.
The quicksilver ooze hits you.
* * * LOW HITPOINT WARNING * * *
The quicksilver ooze hits you.
You die...

## #######
##.# .....#
#####...
#...###.....#
##..#.#.#.J##
#.......○.JJ#
#........J@J#
#...#...#J..#
######.######
#.J.# #...# #
#.J.# .#
######.######
######.##
#...#...#...#
#...#...
#...........#
#.....#


You could see the Royal Jelly, a formless jellyfish, 3 acid blobs and a
quicksilver ooze.

Vanquished Creatures
  Dissolution (Slime:3)
  Vashnia (Snake:4)
  11 acid blobs
  Aizul (Snake:4)
  Kirke (D:12)
  3 azure jellies
  Roxanne (Snake:4)
  7 rockslimes
  3 nagarajas
  An ironbound preserver (D:13)
  An orc warlord (Orc:1)
  A reaper (IceCv)
  3 formless jellyfish
  3 quicksilver oozes
  Nessos (D:13)
  An ettin (Orc:2)
  Josephine (Lair:4)
  A great orb of eyes (Slime:3)
  An entropy weaver (D:13)
  2 hydras
  Fannar (D:12)
  A rakshasa (D:14)
  5 ogre magi
  7 salamander tyrants
  27 two-headed ogres
  11 anacondas
  Erica (Orc:1)
  3 centaur warriors
  3 boulder beetles
  10 shock serpents
  8 naga warriors
  Urug (Lair:1)
  2 tengu warriors
  12 naga sharpshooters
  An orc high priest (Orc:1)
  Nergalle (D:12)
  4 skeletal warriors (D:15)
  4 salamander mystics
  5 naga ritualists
  3 lindwurms (Snake:4)
  Pikel (D:9)
  2 orc knights
  3 deep elf pyromancers
  2 shining eyes
  14 mana vipers
  An orc sorcerer (Orc:1)
  25 salamanders
  6 ugly things
  2 cyclopes
  36 black mambas
  11 elephants
  Maurice (D:9)
  A merfolk siren (Lair:3)
  8 guardian serpents
  14 naga magi
  An ice statue (IceCv)
  An eye of devastation (Slime:3)
  A rime drake (Lair:2)
  8 cane toads
  A kobold demonologist (D:9)
  Psyche (D:12)
  11 komodo dragons
  3 polar bears
  3 trolls (Orc:1)
  Prince Ribbit (D:6)
  Grinder (D:6)
  4 dream sheep (Lair:1)
  61 slime creatures
  Sigmund (D:4)
  2 wyverns
  A spriggan (Bailey)
  Eustachio (D:3)
  33 yaks
  2 dire elephant simulacra (IceCv)
  A human (D:12)
  3 hogs (D:12)
  3 basilisks
  5 steam dragons
  A vampire (D:12)
  10 wraiths
  5 golden eyes
  A death yak simulacrum (IceCv)
  9 vampire mosquitoes
  45 nagas
  2 harpy simulacra (IceCv)
  An acid dragon (D:12)
  A hydra simulacrum (IceCv)
  12 water moccasins
  3 ice beasts
  A swamp drake (D:11)
  25 orc warriors
  A sky beast (D:6)
  A black bear (D:6)
  33 ogres
  3 centaurs
  3 phantoms
  2 kobold brigands
  11 bullfrogs
  A gnoll sergeant (D:9)
  4 scorpions
  5 two-headed ogre simulacra (IceCv)
  8 wights
  4 elephant simulacra (IceCv)
  18 killer bees
  2 electric eels (Lair:1)
  4 howler monkeys
  8 crimson imps
  2 lava snakes (Lair:1)
  A jelly (D:6)
  3 hounds
  3 gnoll boudas
  11 orc priests
  An iron imp (D:11)
  Jessica (D:2)
  4 iguanas
  6 hell rats (Lair:3)
  16 orc wizards
  A polar bear simulacrum (IceCv)
  4 spriggan simulacra (IceCv)
  4 troll simulacra (IceCv)
  3 wolf simulacra (IceCv)
  24 gnolls
  8 adders
  4 naga simulacra (IceCv)
  2 shadow imps
  9 white imps
  9 ufetubi (IceCv)
  4 worms
  2 dart slugs
  87 orcs
  3 ball pythons
  6 endoplasms
  4 giant cockroaches
  19 goblins
  8 hobgoblins
  4 jackals (D:3)
  2 bats
  2 frilled lizards
  8 kobolds
  4 rats
924 creatures vanquished.

Vanquished Creatures (others)
  A human (D:12)
  A howler monkey (D:12)
  A white imp (IceCv)
  An orc (D:11)
4 creatures vanquished.

Grand Total: 928 creatures vanquished

Notes
Turn   | Place    | Note
-------+----------+-------------------------------------------
     0 | D:1      | BinkBink the Minotaur Monk began the quest for the Orb.
     0 | D:1      | Reached XP level 1. HP: 19/19 MP: 0/0
   215 | D:1      | Found Jiaff's Distillery.
   344 | D:1      | Reached XP level 2. HP: 27/27 MP: 1/1
  1114 | D:2      | Noticed Jessica
  1118 | D:2      | Reached skill level 1 in Armour
  1125 | D:2      | Killed Jessica
  1126 | D:2      | Reached skill level 4 in Fighting
  1126 | D:2      | Reached XP level 3. HP: 32/33 MP: 2/2
  1199 | D:2      | Found Fodozuv's General Store.
  1512 | D:2      | Reached XP level 4. HP: 40/40 MP: 3/3
  1850 | D:3      | Reached skill level 5 in Axes
  1945 | D:3      | Reached XP level 5. HP: 33/47 MP: 4/4
  2023 | D:3      | Found a hide-covered altar of Uskayaw.
  2781 | D:4      | Noticed Eustachio
  2782 | D:4      | Noticed Sigmund
  2822 | D:3      | Reached XP level 6. HP: 39/55 MP: 5/5
  2962 | D:3      | Reached skill level 5 in Fighting
  2972 | D:4      | Killed Sigmund
  3040 | D:3      | Killed Eustachio
  3041 | D:3      | Reached skill level 5 in Dodging
  3041 | D:3      | Reached XP level 7. HP: 48/61 MP: 6/6
  3125 | D:4      | Found an ancient bone altar of Kikubaaqudgha.
  3171 | D:4      | Identified the +0 ring mail "Kucrocip" {Rampage}
  3412 | D:4      | Found a white marble altar of Elyvilon.
  3437 | D:4      | Found an iron altar of Okawaru.
  3452 | D:4      | Found a basalt altar of Yredelemnul.
  3616 | D:4      | Found a glowing golden altar of the Shining One.
  3675 | D:5      | Entered Level 5 of the Dungeon
  3739 | D:5      | Gained mutation: Potions are less effective at restoring
                  | your health. [potion of mutation]
  3739 | D:5      | Gained mutation: You are clumsy. (Dex -2) [potion of
                  | mutation]
  3740 | D:5      | Reached skill level 6 in Fighting
  3748 | D:5      | Reached XP level 8. HP: 21/70 MP: 7/7
  4059 | D:5      | Found a runed translucent door.
  4060 | D:5      | Noticed Crazy Yiuf
  4152 | D:5      | Found a blossoming altar of Fedhas.
  4311 | D:5      | Reached skill level 5 in Armour
  5194 | D:6      | Found a staircase to the Ecumenical Temple.
  5197 | D:6      | Noticed Prince Ribbit
  5207 | D:6      | Reached skill level 7 in Fighting
  5215 | Temple   | Found a transporter.
  5215 | Temple   | Found a transporter.
  5215 | Temple   | Found a transporter.
  5215 | Temple   | Found a transporter.
  5215 | Temple   | Entered the Ecumenical Temple
  5365 | Temple   | Became a worshipper of Qazlal Stormbringer
  5365 | Temple   | Reached * piety under Qazlal
  5365 | Temple   | Reached ** piety under Qazlal
  5393 | D:6      | Killed Prince Ribbit
  5394 | D:6      | Reached XP level 9. HP: 75/79 MP: 8/8
  5758 | D:6      | Reached skill level 10 in Axes
  5767 | D:6      | Found a broken altar of Ashenzari.
  5927 | D:6      | Noticed Grinder
  5935 | D:6      | Paralysed by Grinder for 2 turns
  5941 | D:6      | Killed Grinder
  6287 | D:6      | Lost mutation: You are clumsy. (Dex -2) [potion of
                  | mutation]
  6287 | D:6      | Lost mutation: Potions are less effective at restoring your
                  | health. [potion of mutation]
  6287 | D:6      | Gained mutation: You have sharp toenails. [potion of
                  | mutation]
  6287 | D:6      | Gained mutation: You are robust. (+10% HP) [potion of
                  | mutation]
  6287 | D:6      | Gained mutation: You have hidden genetic defects. [potion
                  | of mutation]
  6287 | D:6      | Lost mutation: You have hidden genetic defects. [potion of
                  | mutation]
  6393 | D:7      | Found a shadowy altar of Dithmenos.
  6452 | D:7      | Reached skill level 8 in Fighting
  6646 | D:7      | Identified the +0 pair of boots of the Griffon {Rampage}
  6888 | D:7      | Found a flagged portal.
  6902 | Bailey   | Entered a bailey
  6948 | Bailey   | Noticed a two-headed ogre
  6968 | Bailey   | Killed a two-headed ogre
  6969 | Bailey   | Reached XP level 10. HP: 42/99 MP: 9/9
  7212 | Bailey   | Identified the +6 arbalest of Ulaneoc {flame, rF+}
  7800 | D:8      | Reached skill level 9 in Fighting
  7802 | D:8      | Reached *** piety under Qazlal
  7881 | D:8      | Noticed a two-headed ogre
  7883 | D:8      | Killed a two-headed ogre
  7992 | D:8      | Found Zak Ukaj's General Store.
  8118 | D:8      | Noticed a two-headed ogre
  8129 | D:8      | Killed a two-headed ogre
  8482 | D:8      | Noticed a two-headed ogre
  8486 | D:8      | Killed a two-headed ogre
  8868 | D:9      | Identified the +8 chain mail of the Griffon {rN++ Will++}
  8879 | D:9      | Reached XP level 11. HP: 101/108 MP: 10/10
  8885 | D:9      | Noticed Pikel
  8888 | D:9      | Killed Pikel
  8889 | D:9      | Reached skill level 10 in Fighting
  8924 | D:9      | Noticed Maurice
  8939 | D:9      | Reached **** piety under Qazlal
  8945 | D:9      | Killed Maurice
  9086 | D:9      | Found a staircase to the Orcish Mines.
  9208 | D:9      | Noticed a centaur warrior
  9217 | D:9      | Killed a centaur warrior
  9288 | D:9      | Noticed a tengu warrior
  9295 | D:9      | Killed a tengu warrior
  9758 | D:1      | Bought a potion of curing for 33 gold pieces
  9758 | D:1      | Bought a potion of might for 44 gold pieces
  9921 | Orc:1    | Entered Level 1 of the Orcish Mines
  9922 | Orc:1    | Noticed Erica
  9922 | Orc:1    | Noticed an orc knight
 10048 | D:9      | Killed an orc knight
 10049 | D:9      | Reached skill level 10 in Armour
 10127 | Orc:1    | Killed Erica
 10128 | Orc:1    | Reached skill level 10 in Dodging
 10134 | Orc:1    | Reached skill level 11 in Fighting
 10147 | Orc:1    | Noticed a two-headed ogre
 10153 | Orc:1    | Killed a two-headed ogre
 10279 | Orc:1    | Noticed an orc knight
 10303 | Orc:1    | Killed an orc knight
 10456 | Orc:1    | Found Lir Jyda's Vocational Training.
 10478 | Orc:1    | Noticed an orc high priest
 10480 | Orc:1    | Noticed a sixfirhy
 10483 | Orc:1    | Killed an orc high priest
 10485 | Orc:1    | Reached ***** piety under Qazlal
 10765 | Orc:2    | Entered Level 2 of the Orcish Mines
 10765 | Orc:2    | Noticed an orc sorcerer
 10769 | Orc:1    | Reached XP level 12. HP: 122/122 MP: 11/11
 10893 | Orc:2    | Found a staircase to the Elven Halls.
 10959 | Orc:2    | Noticed a two-headed ogre
 10960 | Orc:2    | Noticed a two-headed ogre
 10961 | Orc:2    | Noticed a two-headed ogre
 10961 | Orc:2    | Noticed a two-headed ogre
 10961 | Orc:2    | Noticed a two-headed ogre
 10975 | Orc:2    | Killed a two-headed ogre
 10976 | Orc:2    | Reached skill level 12 in Fighting
 10982 | Orc:1    | Killed a two-headed ogre
 11059 | Orc:2    | Killed a two-headed ogre
 11061 | Orc:2    | Noticed a two-headed ogre
 11062 | Orc:2    | Noticed a two-headed ogre
 11064 | Orc:2    | Noticed an orc warlord
 11071 | Orc:1    | Killed a two-headed ogre
 11154 | Orc:2    | Noticed a two-headed ogre
 11154 | Orc:2    | Noticed an ogre mage
 11154 | Orc:2    | Noticed an ogre mage
 11154 | Orc:2    | Noticed a two-headed ogre
 11154 | Orc:2    | Noticed an ogre mage
 11154 | Orc:2    | Paralysed by an ogre mage for 2 turns
 11155 | Orc:2    | Noticed a two-headed ogre
 11160 | Orc:1    | Killed a two-headed ogre
 11161 | Orc:1    | Killed a two-headed ogre
 11294 | Orc:2    | Killed a two-headed ogre
 11310 | Orc:1    | Killed an orc warlord
 11311 | Orc:1    | Reached skill level 13 in Fighting
 11496 | Orc:1    | Killed a two-headed ogre
 11497 | Orc:1    | Killed an ogre mage
 11567 | Orc:1    | Killed an ogre mage
 11577 | Orc:1    | Killed a two-headed ogre
 11596 | Orc:2    | Noticed a two-headed ogre
 11599 | Orc:2    | Killed an ogre mage
 11606 | Orc:1    | Killed a two-headed ogre
 11684 | Orc:2    | Killed a two-headed ogre
 11684 | Orc:2    | Noticed an ettin
 11685 | Orc:2    | Reached XP level 13. HP: 124/135 MP: 12/12
 11696 | Orc:2    | Killed an ettin
 11869 | Orc:2    | Reached skill level 14 in Fighting
 11909 | Orc:2    | Found Cuwi's Weapon Emporium.
 11919 | Orc:2    | Reached ****** piety under Qazlal
 11943 | Orc:2    | Found Hetuones's Distillery.
 11943 | Orc:2    | Found Laij's Antique Armour Emporium.
 11943 | Orc:2    | Found Ozaezuen's Distillery.
 12036 | Orc:2    | Bought a potion of degeneration for 15 gold pieces
 12110 | Orc:2    | Found a burning altar of Makhleb.
 12391 | D:10     | Entered Level 10 of the Dungeon
 13370 | D:11     | Identified the +1 hat of Action {rElec rC+}
 13372 | D:11     | Identified the +4 hat of Day {MP+9 Dex+5}
 13593 | D:11     | Found a staircase to the Lair.
 14029 | D:12     | Reached skill level 15 in Fighting
 14068 | D:12     | Noticed Kirke
 14075 | D:12     | Killed Kirke
 14230 | D:12     | Found a shimmering blue altar of Sif Muna.
 14261 | D:12     | Noticed Nergalle
 14268 | D:12     | Killed Nergalle
 14453 | D:12     | Noticed Psyche
 14460 | D:12     | Killed Psyche
 14597 | D:12     | Noticed Fannar
 14605 | D:12     | Killed Fannar
 14641 | D:12     | You fall into a shaft and drop 3 floors!
 14641 | D:15     | Entered Level 15 of the Dungeon
 14707 | D:15     | Reached XP level 14. HP: 148/148 MP: 13/13
 14713 | D:15     | Reached skill level 15 in Armour
 15127 | D:14     | Found a runed translucent gate.
 15128 | D:14     | Found a runed translucent gate.
 15128 | D:14     | Noticed Domiom's ghost (journeyman DsAr)
 15129 | D:14     | Found a runed translucent gate.
 15180 | D:14     | Reached skill level 16 in Fighting
 15819 | D:13     | Noticed Nessos
 15860 | D:13     | Killed Nessos
 15951 | D:13     | Identified the +8 war axe of Ynlakap {flame, rCorr}
 16175 | D:13     | Found a transporter.
 16432 | D:13     | Noticed an ironbound preserver
 16456 | D:13     | Killed an ironbound preserver
 16541 | Lair:1   | Entered Level 1 of the Lair of Beasts
 16555 | Lair:1   | Reached skill level 15 in Dodging
 16608 | Lair:1   | Noticed Urug
 16614 | Lair:1   | Killed Urug
 16945 | Lair:1   | Found a frozen archway.
 16954 | IceCv    | Entered an ice cave
 17223 | IceCv    | Noticed a reaper
 17237 | IceCv    | Killed a reaper
 17490 | IceCv    | Identified the ring of Paklur {*Corrode rElec Int+3 Dex+6}
 18529 | Lair:2   | Found a hide-covered altar of Uskayaw.
 18814 | Lair:2   | Found an ornate altar of the Wu Jian Council.
 19051 | Lair:2   | Found a staircase to the Snake Pit.
 19226 | Lair:3   | Reached XP level 15. HP: 157/160 MP: 14/14
 19227 | Lair:3   | Reached skill level 17 in Fighting
 19246 | Lair:3   | Reached skill level 15 in Axes
 19563 | Lair:3   | Got an unusual book
 19797 | Lair:3   | Found a staircase to the Shoals.
 19939 | Lair:4   | Noticed Josephine
 19946 | Lair:4   | Killed Josephine
 20197 | Lair:4   | Found a staircase to the Slime Pits.
 20593 | Snake:1  | Entered Level 1 of the Snake Pit
 20600 | Snake:1  | Found a flickering gateway to a bazaar.
 20609 | Bazaar   | Entered a bazaar
 20623 | Bazaar   | Found Pinopiqe's Antique Weapon Shoppe.
 20623 | Bazaar   | Found Muilluijinn's Armour Emporium.
 20645 | Bazaar   | Found Gamosu Sido's Book Shoppe.
 20645 | Bazaar   | Found Jufianau's Antique Weapon Emporium.
 20667 | Bazaar   | Found Lonae's Assorted Antiques.
 20722 | Bazaar   | Bought a manual of Shields for 1280 gold pieces
 20802 | Snake:1  | Found Wono's Book Shoppe.
 20826 | Snake:1  | Identified a scroll of acquirement
 20986 | Snake:1  | Found Oweibreb's General Store.
 21397 | Snake:1  | Found Syhox's Magic Scroll Shop.
 21590 | Snake:1  | Acquired a +5 vampiric broad axe
 21667 | Snake:2  | Reached skill level 1 in Shields
 21838 | Snake:2  | Noticed a nagaraja
 21851 | Snake:2  | Killed a nagaraja
 22010 | Snake:2  | Noticed Donald
 22599 | Snake:2  | Reached skill level 5 in Shields
 22647 | Snake:1  | Bought a potion of experience for 600 gold pieces
 22647 | Snake:1  | Reached skill level 18 in Fighting
 22647 | Snake:1  | Reached XP level 16. HP: 172/172 MP: 15/15
 23140 | Snake:3  | Reached XP level 17. HP: 181/181 MP: 16/16
 23844 | Snake:4  | Entered Level 4 of the Snake Pit
 24115 | Snake:4  | Noticed Roxanne
 24128 | Snake:4  | Killed Roxanne
 24154 | Snake:4  | Noticed Aizul
 24169 | Snake:4  | Killed Aizul
 24170 | Snake:4  | Noticed Vashnia
 24516 | Snake:4  | Killed Vashnia
 24517 | Snake:4  | Reached skill level 10 in Shields
 25325 | Snake:4  | Reached skill level 19 in Fighting
 26155 | Snake:4  | Got a serpentine rune of Zot
 26446 | Slime:1  | Entered Level 1 of the Pits of Slime
 26446 | Slime:1  | Noticed an acid blob
 26460 | Lair:4   | Killed an acid blob
 26504 | Slime:1  | Paralysed by a formless jellyfish for 1 turns
 26508 | Slime:1  | Paralysed by a formless jellyfish for 1 turns
 26513 | Slime:1  | Noticed an acid blob
 26515 | Slime:1  | Reached XP level 18. HP: 173/193 MP: 17/17
 27606 | Slime:3  | Noticed Dissolution
 27629 | Slime:3  | Paralysed by a floating eye for 4 turns
 27634 | Slime:3  | Gained mutation: You occasionally lose the ability to read
                  | scrolls when taking damage. [a shining eye]
 27642 | Slime:3  | Killed Dissolution
 28385 | Slime:4  | Gained mutation: You have a pair of large horns on your
                  | head. [a shining eye]
 28387 | Slime:4  | Gained mutation: You occasionally lose the ability to drink
                  | potions when taking damage. [a shining eye]
 28391 | Slime:4  | Gained mutation: Armour fits poorly on your strangely
                  | shaped body. [a shining eye]
 28935 | Slime:5  | Entered Level 5 of the Pits of Slime
 29012 | Slime:5  | Gained mutation: Your magical capacity is low. (-10% MP) [a
                  | shining eye]
 29015 | Slime:5  | Gained mutation: You have hidden genetic defects. [a
                  | shining eye]
 29054 | Slime:5  | Noticed the Royal Jelly
 29069 | Slime:5  | Reached skill level 20 in Fighting
 29190 | Slime:5  | Paralysed by a formless jellyfish for 1 turns
 29191 | Slime:5  | HP: 7/195 [acid (3)]
 29191 | Slime:5  | HP: 2/195 [quicksilver ooze[the Royal Jelly] (5)]
 29191 | Slime:5  | Slain by a quicksilver ooze

Illustrated notes

Levels and vault maps discovered:
D:1:      dpeg_arrival_round_b, layout_basic, serial_shops, shop
D:2:      kennysheep_the_goblin_king, layout_basic, serial_shops,
          shop_fountains, uniq_jessica
D:3:      layout_basic, mainiacjoe_overflow_24_doors, minmay_splitting_lines,
          grunt_ministairs_10
D:4:      layout_cave_pools, mainiacjoe_overflow_alcove_4,
          nicolae_overflow_quartered_altars, uniq_sigmund, uniq_eustachio
D:5:      layout_basic, lemuel_coloured_pillars_altar, uniq_crazy_yiuf_cottage
D:6:      layout_loops_corners, mainiacjoe_overflow_boulevard,
          minmay_temple_entry_glass, grunt_ministairs_6, uniq_prince_ribbit1,
          uniq_grinder
D:7:      layout_cave_pods, grunt_dithmenos_smoke_and_mirrors,
          chequers_ossuary_entry_cave, enter_bailey_4
D:8:      layout_basic, serial_shops, shop, chequers_serial_rivers_micro_b,
          minmay_nine_imps
D:9:      layout_loops_ring, orc_0_dummy, hex_large, minmay_three_doors,
          uniq_pikel, uniq_maurice
D:10:     layout_irregular_city, nrook_loot_triangle, minivault_11
D:11:     layout_irregular_city, lair_entry_dummy, hangedman_minor_magic
D:12:     layout_roguey, nicolae_sif_muna_little_library, uniq_psyche,
          uniq_fannar, uniq_nergalle, uniq_kirke
D:13:     layout_loops_ring, hellmonk_vaults_order_and_chaos,
          nicolae_diode_basic, uniq_nessos
D:14:     layout_long_grid, gammafunk_ghost_necromancy
D:15:     hangedman_depths_entry_civil_slaughter, layout_long_grid
Temple:   hellmonk_temple_divided_pantheon
Lair:1:   layout_chaotic_city, portal_ice_cave_entry_pillars_1,
          chequers_serial_rivers_micro_e, nicolae_lair_liquid_snakes, uniq_urug
Lair:2:   layout_cave_pods, alex1729_snake_entry_snake,
          nzn_masters_of_martial_movement
Lair:3:   layout_cave_shapes, minmay_shoals_entry_lonely_mermaid,
          patterned_corridor
Lair:4:   layout_long_grid, dpeg_slime_entry_corner, uniq_josephine
Snake:1:  layout_grid_shapes, serial_shops, freezing_bzr,
          nicolae_take_the_stairs, shop, nicolae_shop_peninsula
Snake:2:  layout_misc_corridors, drop_trap, nicolae_snake_omega, uniq_donald
Snake:3:  layout_onion
Snake:4:  snake_pit_salamanders_mu, layout_onion_interference,
          grunt_megastairs_5, uniq_vashnia, uniq_aizul, uniq_roxanne
Slime:1:  layout_caves, cheibrodos_slime_lost_civilization_5
Slime:2:  layout_caves
Slime:3:  cheibrodos_slime_lost_civilization_3, layout_caves, uniq_dissolution
Slime:4:  layout_caves, cheibrodos_slime_lost_civilization_4
Slime:5:  slime_pit_nicolae_block_by_block
Orc:1:    layout_diamond_mine, nicolae_shop_vocational, uniq_erica
Orc:2:    st_orc_ogre_mass, layout_caves, basic_altar

Skill      XL: |  1  2  3  4  5  6  7  8  9 10 11 12 13 14 15 16 17 18 |
---------------+-------------------------------------------------------+-----
Axes           | 4 5 7 9 11 13 14 16 17 18 | 18.4
Armour         | 1 2 3 4 6 7 9 11 13 14 16 17 18 19 | 19.5
Fighting       | 4 5 6 7 8 9 11 13 15 16 18 19 20 | 20.0
Dodging        | 4 5 6 7 9 10 12 14 15 16 17 18 | 18.3
Shields        | 6 7 12 14 | 14.3

Action                     |  1- 3 |  4- 6 |  7- 9 | 10-12 | 13-15 | 16-18 || total
---------------------------+-------+-------+-------+-------+-------+-------++-------
  Melee: Hand axe          |    53 |    96 |   306 |    59 |       |       ||   514
         Headbutt          |    10 |    20 |    96 |    75 |   238 |   257 ||   696
         Battleaxe         |       |       |       |   289 |   906 |   425 ||  1620
         Broad axe         |       |       |       |       |       |   297 ||   297
    Use: Potion            |       |       |     4 |       |     2 |     2 ||     8
         Scroll            |       |       |     9 |    13 |    13 |     6 ||    41
 Armour: Robe              |     7 |       |       |       |       |       ||     7
         Ring mail         |    16 |    51 |       |       |       |       ||    67
         Chain mail        |       |    41 |   190 |       |       |       ||   231
         Gold dragon scale |       |       |    28 |   313 |   595 |   502 ||  1438
  Dodge: Dodged            |    28 |    84 |   110 |   134 |   414 |   320 ||  1090
         Repelled          |       |       |       |     1 |    16 |    39 ||    56
  Block: Orb               |       |       |     9 |     3 |       |       ||    12
         Other             |       |       |       |    73 |   324 |   137 ||   534
         Tower shield      |       |       |       |       |       |   335 ||   335

Table legend: (Time is in decaauts)
 A = Elapsed time spent in this place.
 B = Non-inter-level travel time spent in this place.
 C = Inter-level travel time spent in this place.
 D = Time resting spent in this place.
 E = Time spent auto-exploring this place.
 F = Levels seen in this place.
 G = Mean time per level.
                   A        B        C        D        E       F      G
               +--------+--------+--------+--------+--------+-----+--------+
         Total |  29051 |  27351 |   1700 |   1471 |  20664 |  34 |  854.4 |
       Dungeon |  13660 |  12874 |    786 |    187 |  10527 |  15 |  910.7 |
        Temple |    170 |    138 |     32 |      0 |    134 |   1 |  170.0 |
          Lair |   3294 |   2975 |    319 |      0 |   2538 |   4 |  823.5 |
     Snake Pit |   5520 |   5212 |    308 |    735 |   3310 |   4 | 1380.0 |
    Slime Pits |   2615 |   2486 |    129 |    213 |   1789 |   5 |  523.0 |
  Orcish Mines |   2282 |   2159 |    123 |    223 |   1483 |   2 | 1141.0 |
        Bazaar |    141 |    141 |      0 |      0 |     80 |   1 |  141.0 |
        Bailey |    411 |    411 |      0 |    100 |    164 |   1 |  411.0 |
      Ice Cave |    954 |    954 |      0 |     13 |    638 |   1 |  954.0 |
               +--------+--------+--------+--------+--------+-----+--------+

Top non-repeatable levels by time:
 Snake:4: 2097 daAuts
   Orc:1: 1427 daAuts
     D:6: 1278 daAuts
     D:5: 1255 daAuts
     D:9: 1205 daAuts
 Snake:1: 1199 daAuts
     D:1: 1158 daAuts
 Snake:3: 1146 daAuts
     D:3: 1093 daAuts
 Snake:2: 1078 daAuts
  Lair:2: 1076 daAuts
 Slime:3: 1048 daAuts
     D:8: 1046 daAuts
   IceCv: 954 daAuts
     D:7: 907 daAuts
